 Dungeon Crawl Stone Soup version 0.28-a0-305-g9e858e973b (webtiles) character file.

Game seed: 12128862094749198533

2 bearlyready the Skirmisher (level 1, 0/18 HPs)
             Began as a Formicid Cinder Acolyte on Aug 29, 2021.
             Was a High Priest of Ignis.
             Slain by a quokka (1 damage)
             ... on level 1 of the Dungeon.
             The game lasted 00:00:20 (274 turns).

bearlyready the Skirmisher (Formicid Cinder Acolyte) Turns: 274, Time: 00:00:21

Health: 0/18       AC:  2    Str: 19    XL:     1   Next: 33%
Magic:  2/2        EV: 11    Int: 12    God:    Ignis [*****.]
Gold:   10         SH:  0    Dex:  6    Spells: 1/2 levels left

rFire   + . .      SeeInvis +   a - -1 falchion (flame)
rCold   . . .      Faith    .   (no shield)
rNeg    . . .      Spirit   .   b - +0 robe
rPois   .          Reflect  .   (helmet unavailable)
rElec   .          Harm     .   (no cloak)
rCorr   .          Rampage  .   (no gloves)
Will    .....                   (no boots)
Stlth   +.........              (no amulet)
HPRegen 0.06/turn               (no ring)
MPRegen 0.08/turn               (no ring)

@: no status effects
A: permanent stasis, dig shafts and tunnels, antennae 3, four strong arms
a: Dig, Shaft Self, Renounce Religion, Sea of Fire, Foxfire Swarm, Rising Flame


You were on level 1 of the Dungeon.
You worshipped Ignis.
Ignis was extremely pleased with you.
You visited 1 branch of the dungeon, and saw 1 of its levels.

You collected 10 gold pieces.

Inventory:

Hand Weapons
 a - a -1 falchion of flaming (weapon)
Armour
 b - a +0 robe (worn)
Scrolls
 c - a scroll of teleportation {unknown}
 d - a scroll of amnesia {unknown}
Potions
 e - a potion of heal wounds {unknown}


   Skills:
 - Level 3.2 Fighting
 + Level 3.0 Long Blades
 - Level 1.1 Spellcasting
 + Level 0.1 Conjurations
 + Level 1.1 Fire Magic


You had one spell level left.
You knew the following spells:

 Your Spells              Type           Power      Damage    Failure   Level
a - Foxfire               Conj/Fire      8%         2x1d4     24%         1

Your spell library contained the following spells:

 Spells                   Type           Power      Damage    Failure   Level


Dungeon Overview and Level Annotations

Branches:
Dungeon (1/15)

Altars:


Innate Abilities, Weirdness & Mutations

You cannot be hasted, slowed, berserked, paralysed or teleported.
You can dig through walls and to a lower floor.
You have a pair of large antennae on your head. (SInv)
Your four strong arms can wield two-handed weapons with a shield.


Message History

a +0 club; a goblin corpse
e - a smoky white potion
Things that are here:
a +0 club; a goblin corpse You now have 10 gold pieces (gained 8).
There is a stone staircase leading down here.
There is a stone staircase leading down here.
A rat comes into view.
A rat is nearby!
A quokka comes into view.
The rat closely misses you.
You hit the rat. You burn the rat.
You kill the rat!
The quokka bites you.
You hit the quokka. You burn the quokka.
The quokka is moderately wounded.
The quokka bites you but does no damage.
The quokka closely misses you.
You barely miss the quokka.
The quokka is lightly wounded.
The quokka bites you.
You are too injured to fight recklessly!
You are too injured to fight recklessly!
A quokka is nearby!
You hit the quokka but do no damage.
The quokka is lightly wounded.
The quokka barely misses you.
The quokka bites you but does no damage.
You hit the quokka but do no damage. The quokka completely misses you.
You closely miss the quokka. The quokka bites you.
You closely miss the quokka.
The quokka bites you but does no damage.
The quokka bites you.
* * * LOW HITPOINT WARNING * * *
You miss the quokka.
The quokka bites you but does no damage.
The quokka bites you.
* * * LOW HITPOINT WARNING * * *
The quokka bites you.
You die...

### ##.## ##### ##.#.####...#
############ ##.#..>....#.#
#........... ......####...#####
#.##........
####..####.......#####.##.#######
#..##....................#
###..##.#..####@#####.##.#.#
##.......#..####r#####.##.#.#
...#..#................##.#.#####
####..#.########.#####...........
.###..#.# #.# #.......##.#
........# #.# ##..)....##.#
.......## #.# #...........#
.#####.# #.# #####.....### .# #.#
#.# #...#.....#..


You could see a quokka.

Vanquished Creatures
  A goblin (D:1)
  A rat (D:1)
2 creatures vanquished.

Notes
Turn   | Place    | Note
-------+----------+-------------------------------------------
     0 | D:1      | bearlyready the Formicid Cinder Acolyte began the quest for
                  | the Orb.
     0 | D:1      | Reached XP level 1. HP: 18/18 MP: 2/2
   274 | D:1      | Slain by a quokka

Illustrated notes

Levels and vault maps discovered:
D:1:      minmay_arrival_glassed_features, layout_loops_ring,
          shapermc_ecumenical_altar_flowoftime, serial_bayou_pond_e

Action                   || total
-------------------------++-------
Melee: Falchion          ||    10
Armor: Robe              ||     4
Dodge: Dodged            ||     6

Table legend: (Time is in decaauts)
 A = Elapsed time spent in this place.
 B = Non-inter-level travel time spent in this place.
 C = Inter-level travel time spent in this place.
 D = Time resting spent in this place.
 E = Time spent auto-exploring this place.
 F = Levels seen in this place.
 G = Mean time per level.
                   A        B        C        D        E       F      G
               +--------+--------+--------+--------+--------+-----+--------+
         Total |    275 |    275 |      0 |      0 |    237 |   1 |  275.0 |
       Dungeon |    275 |    275 |      0 |      0 |    237 |   1 |  275.0 |
               +--------+--------+--------+--------+--------+-----+--------+

Top non-repeatable levels by time:
     D:1: 275 daAuts
